 Dungeon Crawl Stone Soup version 0.29-a0-330-g52719c12eb (webtiles) character file.

Game seed: 9490761654837750110

3775 dohliylev the Grappler (level 9, -4/88 HPs)
             Began as a Troll Warper on May 27, 2022.
             Was a Priest of Okawaru.
             Slain by a slime creature (10 damage)
             ... on level 7 of the Dungeon.
             The game lasted 00:11:06 (6065 turns).

dohliylev the Grappler (Troll Warper)               Turns: 6065, Time: 00:11:07

Health: -4/88      AC:  5    Str: 25    XL:     9   Next: 95%
Magic:  20/20      EV: 13    Int:  9    God:    Okawaru [***...]
Gold:   396        SH:  0    Dex: 15    Spells: 10/12 levels left

rFire   . . .      SeeInvis .     - Unarmed
rCold   . . .      Faith    .   (no shield)
rNeg    . . .      Spirit   .   a - +0 robe
rPois   .          Reflect  .   D - +0 hat {Will+}
rElec   .          Harm     .   v - +0 cloak
rCorr   .          Rampage  .   (gloves unavailable)
Will    +....                   (boots unavailable)
Stlth   +.........              (no amulet)
HPRegen 1.04/turn               h - ring of magical power
MPRegen 0.17/turn               x - +6 ring of dexterity

@: no status effects
A: large, unfitting armour, claws 3, regeneration 1, shaggy fur 1, tough skin 1
a: Renounce Religion, Heroism


You were on level 7 of the Dungeon.
You worshipped Okawaru.
Okawaru was most pleased with you.
You visited 2 branches of the dungeon, and saw 8 of its levels.

You collected 396 gold pieces.

Inventory:

Missiles
 c - 2 boomerangs of dispersal (quivered)
 B - a boomerang
Armour
 a - a +0 robe (worn)
 v - a +0 cloak (worn)
 D - a +0 hat of willpower (worn)
Jewellery
 h - a ring of magical power (left claw)
 p - a ring of poison resistance
 x - a +6 ring of dexterity (right claw)
Wands
 q - a wand of iceblast (8)
Scrolls
 b - 2 scrolls of blinking
 d - a scroll of silence {unknown}
 e - 2 scrolls of amnesia {unknown}
 j - 10 scrolls of identify {unknown}
 k - 2 scrolls of holy word {unknown}
 n - 3 scrolls of fear {unknown}
 o - 4 scrolls of enchant armour {unknown}
 r - 3 scrolls of immolation {unknown}
 s - a scroll of summoning {unknown}
 t - a scroll of vulnerability {unknown}
 u - 2 scrolls of magic mapping {unknown}
 w - 2 scrolls of teleportation {unknown}
 y - a scroll of noise {unknown}
Potions
 f - 3 potions of cancellation {unknown}
 g - 2 potions of magic {unknown}
 i - a potion of lignification {unknown}
 l - 2 potions of brilliance {unknown}
 m - 7 potions of heal wounds {unknown}
 z - 2 potions of ambrosia {unknown}
 A - a potion of degeneration {unknown}
 C - a potion of curing {unknown}


   Skills:
 + Level 5.4 Fighting
 + Level 0.8 Throwing
 - Level 8.0 Dodging
 - Level 8.0 Unarmed Combat
 + Level 2.3 Spellcasting
 + Level 3.4 Translocations


You had 10 spell levels left.
You knew the following spells:

 Your Spells              Type           Power      Damage    Failure   Level
a - Blink                 Tloc           14%        N/A       12%         2

Your spell library contained the following spells:

 Spells                   Type           Power      Damage    Failure   Level
 Gell's Gravitas          Tloc           7%         N/A       24%         3
 Lesser Beckoning         Tloc           7%         N/A       24%         3
 Teleport Other           Tloc           7%         N/A       24%         3
 Manifold Assault         Tloc           7%         N/A       92%         5
 Petrify                  Tmut/Erth      1%         N/A       97%         4
 Metabolic Englaciation   Hex/Ice        0%         N/A       100%        5
 Statue Form              Tmut/Erth      0%         N/A       100%        6


Dungeon Overview and Level Annotations

Branches:
Dungeon (7/15)             Temple (1/1) D:6

Altars:
Ashenzari
Cheibriados
Elyvilon
Gozag
Hepliaklqana
Kikubaaqudgha
Makhleb
Okawaru
Qazlal
Ru
Sif Muna
Trog
Vehumet
Wu Jian
Xom
Yredelemnul

Shops:
D:6 (

Annotations:
D:5 Grinder


Innate Abilities, Weirdness & Mutations

You are too large for most types of armour.
You have claws for hands.
Your natural rate of healing is unusually fast.
You are covered in fur. (AC +1)
You have tough skin. (AC +1)


Message History

You blink.
The large slime creature attacks as you move away!
The large slime creature hits you.
* * * LOW HITPOINT WARNING * * *
The large slime creature attacks as you move away!
The large slime creature hits you!
* * * LOW HITPOINT WARNING * * *
You feel stable enough to blink again.
The large slime creature attacks as you move away!
The large slime creature hits you!
* * * LOW HITPOINT WARNING * * *
Casting: Blink (safe; 12% risk of failure)
Confirm with . or Enter, or press ? or * to list all spells.
You blink.
You feel stable enough to blink again.
You start resting.
A slime creature is nearby!
A slime creature is nearby!
You claw the slime creature!
The slime creature is moderately wounded.
The slime creature hits you!
You claw the slime creature!
The slime creature is moderately wounded.
The slime creature hits you!
You claw the slime creature!
The slime creature is heavily wounded.
The slime creature barely misses you.
You scratch the slime creature.
The slime creature is heavily wounded.
The slime creature hits you!
* * * LOW HITPOINT WARNING * * *
You barely miss the slime creature.
The slime creature is heavily wounded.
The slime creature hits you!
* * * LOW HITPOINT WARNING * * *
The slime creature quivers.
You scratch the slime creature.
The slime creature is heavily wounded.
The slime creature hits you!
You die...

##...####.##.##.##.###..#
#...............##.###..#
#.........##....†.......#
#.^...#########....###..(
##...### #...## ####
###.....# #...# #.....#.#
#...# #.....#.###### #...#
#........@JJ.# #...####
#.......####.###......#
#.......###...##......#
#.#)##..##.###.#.#....#
#.#)##.....# #.....#.#####
#.#.###.##.###.#.###......
#.#.# #..........# #######
#.#.########.#J..#
###.#.##..........######


You could see 2 slime creatures.

Vanquished Creatures
  2 kobold demonologists (D:6)
  A slime creature (D:7)
  4 yaks (D:6)
  3 water moccasins
  Duvessa (D:7)
  2 ice beasts
  4 black bears
  A sky beast (D:5)
  2 kobold brigands (D:6)
  5 necrophages
  A bullfrog (D:6)
  2 scorpions
  Dowan (D:7)
  A howler monkey (D:5)
  5 hounds
  3 jellies
  An orc priest (D:3)
  Terence (D:2)
  Ijyb (D:3)
  7 iguanas
  An orc wizard (D:7)
  3 gnolls (D:5)
  10 adders
  2 white imps
  3 dart slugs
  14 orcs
  9 ball pythons
  3 bats
  4 endoplasms
  4 giant cockroaches
  2 goblins (D:1)
  3 hobgoblins
  6 jackals
  7 kobolds
  3 quokkas
  5 frilled lizards
  5 rats
132 creatures vanquished.

Notes
Turn   | Place    | Note
-------+----------+-------------------------------------------
     0 | D:1      | dohliylev the Troll Warper began the quest for the Orb.
     0 | D:1      | Reached XP level 1. HP: 19/19 MP: 1/1
   109 | D:1      | Reached XP level 2. HP: 25/28 MP: 3/3
   443 | D:1      | Reached XP level 3. HP: 35/35 MP: 4/4
   509 | D:2      | Learned a level 2 spell: Blink
   617 | D:2      | Noticed Terence
   626 | D:2      | Killed Terence
   627 | D:2      | Reached XP level 4. HP: 28/42 MP: 5/5
   679 | D:2      | Found a faded altar of an unknown god.
  1193 | D:3      | Noticed Ijyb
  1205 | D:3      | Killed Ijyb
  1206 | D:3      | Reached XP level 5. HP: 31/49 MP: 6/6
  1265 | D:3      | Found a broken altar of Ashenzari.
  1857 | D:4      | You fall into a shaft and drop 2 floors!
  1871 | D:6      | Found a burning altar of Makhleb.
  1956 | D:6      | Noticed a water moccasin
  1962 | D:6      | Killed a water moccasin
  1963 | D:6      | Reached XP level 6. HP: 57/57 MP: 7/7
  2027 | D:6      | Reached skill level 5 in Unarmed Combat
  2079 | D:6      | Found Zeixatop's Weapon Shoppe.
  2107 | D:6      | Noticed a yak
  2122 | D:6      | Killed a yak
  2123 | D:6      | Reached XP level 7. HP: 30/65 MP: 8/8
  2235 | D:6      | Noticed a yak
  2235 | D:6      | Noticed a yak
  2235 | D:6      | Noticed a yak
  2250 | D:6      | Killed a yak
  2253 | D:6      | Killed a yak
  2264 | D:6      | Killed a yak
  2337 | D:6      | Found a staircase to the Ecumenical Temple.
  2380 | D:6      | Found an iron altar of Okawaru.
  2451 | D:6      | Reached XP level 8. HP: 51/74 MP: 9/9
  2461 | Temple   | Entered the Ecumenical Temple
  2752 | D:6      | Became a worshipper of Warmaster Okawaru
  2869 | D:5      | Entered Level 5 of the Dungeon
  3051 | D:5      | Noticed Grinder
  3066 | D:5      | Paralysed by Grinder for 4 turns
  3095 | D:6      | Noticed a kobold demonologist
  3095 | D:6      | Noticed a kobold demonologist
  3315 | D:4      | Reached skill level 5 in Dodging
  3440 | D:4      | Found a bloodstained altar of Trog.
  4190 | D:5      | Reached * piety under Okawaru
  4389 | D:5      | Reached XP level 9. HP: 59/84 MP: 10/10
  4872 | D:6      | Found a stormy altar of Qazlal.
  4959 | D:6      | Killed a kobold demonologist
  4959 | D:6      | Reached ** piety under Okawaru
  4966 | D:6      | Noticed an ice devil
  4966 | D:6      | Killed a kobold demonologist
  5042 | D:6      | Found a shimmering blue altar of Sif Muna.
  5306 | D:7      | Noticed Duvessa
  5314 | D:7      | Killed Duvessa
  5315 | D:7      | Noticed Dowan
  5318 | D:7      | Killed Dowan
  5328 | D:7      | Reached *** piety under Okawaru
  5465 | D:7      | Reached skill level 5 in Fighting
  6065 | D:7      | Slain by a slime creature

Illustrated notes

Levels and vault maps discovered:
D:1:      minmay_arrival_plants_in_alcoves, layout_basic
D:2:      layout_basic, hellmonk_ecumenical_altar_crossroads, uniq_terence
D:3:      layout_basic, old_standard_altar, uniq_ijyb
D:4:      layout_basic, kennysheep_mini, st_stairs_11
D:5:      layout_cave_pods, minmay_quadrilaterals, uniq_grinder
D:6:      layout_basic, lemuel_blue_sif_altar, mainiacjoe_overflow_alcove_4,
          grunt_qazlal_clouds, mainiacjoe_overflow_boulevard, temple_doors_e,
          serial_shops, nicolae_shop_bloodbath_and_beyond
D:7:      layout_loops_ring, uniq_duvessa
Temple:   jpeg_temple_alley_garden

Skill      XL: |  1  2  3  4  5  6  7  8  9 |
---------------+----------------------------+-----
Dodging        | 2 3 4 6 8 |  8.0
Unarmed Combat | 3 4 5 7 8 |  8.0
Fighting       | 2 3 5 |  5.4
Translocations | 3 |  3.4
Spellcasting   | 2 |  2.3
Throwing       | |  0.8

Action                   |  1- 3 |  4- 6 |  7- 9 || total
-------------------------+-------+-------+-------++-------
Melee: Unarmed           |    92 |    85 |   265 ||   442
       Punch             |     2 |     2 |    13 ||    17
Throw: Boomerang         |       |       |     5 ||     5
 Cast: Blink             |       |       |     4 ||     4
 Stab: Sleeping          |     1 |       |       ||     1
Armor: Robe              |    45 |    24 |    51 ||   120
Dodge: Dodged            |    64 |    41 |   139 ||   244

Table legend: (Time is in decaauts)
 A = Elapsed time spent in this place.
 B = Non-inter-level travel time spent in this place.
 C = Inter-level travel time spent in this place.
 D = Time resting spent in this place.
 E = Time spent auto-exploring this place.
 F = Levels seen in this place.
 G = Mean time per level.
                   A        B        C        D        E       F      G
               +--------+--------+--------+--------+--------+-----+--------+
         Total |   6020 |   5617 |    403 |    482 |   3771 |   8 |  752.5 |
       Dungeon |   5774 |   5426 |    348 |    482 |   3586 |   7 |  824.9 |
        Temple |    245 |    190 |     55 |      0 |    185 |   1 |  245.0 |
               +--------+--------+--------+--------+--------+-----+--------+

Top non-repeatable levels by time:
     D:6: 1379 daAuts
     D:5: 1049 daAuts
     D:3: 979 daAuts
     D:7: 796 daAuts
     D:4: 675 daAuts
     D:1: 476 daAuts
     D:2: 416 daAuts
  Temple: 245 daAuts
